 Dungeon Crawl Stone Soup version bcrawl-1.37.2 (webtiles) character file.

Game seed: 12190770386766987979

121399 Morbidden the Conjurer (level 3, 21/21 HPs)
             Began as a Fairy Conjurer on Dec 30, 2022.
             Quit the game on level 2 of the Dungeon.
             The game lasted 00:00:52 (726 turns).

Morbidden the Conjurer (Fairy Conjurer)              Turns: 726, Time: 00:00:53

Health: 21/21      AC:  4    Str:  6    XL:     3   Next: 10%
Magic:  9/9        EV: 15    Int: 19    God:
Gold:   40         SH:  4    Dex:  6    Spells: 5/8 levels left

rFire    . . .     GDR:     17%   - Fists (2.8)
rCold    . . .     SeeInvis .   (shield restricted)
rNeg     . . .     Gourm    .   (armour unavailable)
rPois    .         Faith    .   (no helmet)
rElec    .         Spirit   .   (no cloak)
rCorr    .         Reflect  .   (no gloves)
MR       .....                  (no boots)
Stlth    ..........             (no amulet)
HPRegen  0.13/turn              j - -6 ring of dexterity (curse)
MPRegen  0.11/turn              (no ring)

@: flying evasively
A: small, magic attunement, unstealthy, unfitting armour, able to fly, AC/SH +4
a: Stop Flying


You were on level 2 of the Dungeon.
You were not hungry.

You visited 1 branch of the dungeon, and saw 2 of its levels.

You collected 40 gold pieces.

Inventory:

Jewellery
 j - a cursed -6 ring of dexterity (left hand)
Scrolls
 i - a scroll of identify
Potions
 b - a potion of magic
Comestibles
 a - 4 chunks of flesh
 e - 2 rations {!d}


   Skills:
 * Level 0.1 Fighting
 * Level 3.1 Dodging
 + Level 1.6 Stealth
 * Level 0.2 Unarmed Combat
 * Level 3.1 Spellcasting
 * Level 5.4 Conjurations


You had 5 spell levels left.
You knew the following spells:

 Your Spells              Type           Power        Failure   Level  Hunger
a - Magic Dart            Conj           ###.         1%          1    None
b - Searing Ray           Conj           ###.....     2%          2    None

Your spell library contained the following spells:

 Spells                   Type           Power        Failure   Level  Hunger
 Iskenderun's Mystic Bla  Conj           ###.....     4%          3    None
 Fulminant Prism          Conj/Hex       ##........   43%         4    None
 Irradiate                Conj/Tmut      ##........   80%         5    None


Dungeon Overview and Level Annotations

Branches:
Dungeon (2/12)

Altars:


Innate Abilities, Weirdness & Mutations

Your spells do not cause hunger and MP costs are reduced by 1.
Your bright wings attract enemies. (Stealth-)
You cannot fit into any form of body armour.
Your shimmering scales are hard and can block incoming attacks. (AC +4, SH +4)
You are small and have problems with some larger weapons.
You can fly continuously.


Message History

As you read the scroll labeled JAIMOM WOZO, it crumbles to dust.
It is a scroll of enchant weapon.
You aren't carrying any weapons that can be enchanted.
As you read the scroll labeled NOSKUT WYTWOTIL, it crumbles to dust.
The scroll dissolves into smoke.
It was a scroll of fog.
No path to travel!
As you read the scroll labeled MUUN LEYTE, it crumbles to dust.
You assume a fearsome visage.
Nothing appears to happen.
It was a scroll of fear.
Your surroundings suddenly seem different.
Found 105 arrows.
Found two stone staircases leading down.
No path to travel!
Drop what? 6/52 slots (_ for help) (? for menu, Esc to quit)
Okay, then.
As you read the scroll labeled LAARRA QAWUALL, it crumbles to dust.
The air around you briefly surges with heat, but it dissipates.
It was a scroll of immolation.
No path to travel!
Are you sure you want to abandon this character and quit the game? (Confirm with "yes".)

..# ...##
... .#.
.... .>. #.
...# ....
..>..#.....
.#..#...
..... #..#
#@# #.# #.#
#.# #.# #.#
#.# ###


There were no monsters in sight!

Vanquished Creatures
  A worm (D:1)
  A dart slug (D:1)
  A leopard gecko (D:1)
  2 goblins (D:1)
  3 hobgoblins (D:1)
  4 jackals (D:1)
  5 kobolds (D:1)
17 creatures vanquished.

Notes
Turn   | Place    | Note
-------+----------+-------------------------------------------
     0 | D:1      | Morbidden the Fairy Conjurer began the quest for the Orb.
     0 | D:1      | Reached XP level 1. HP: 11/11 MP: 6/6
    92 | D:1      | Reached skill level 5 in Conjurations
   125 | D:1      | Reached XP level 2. HP: 17/17 MP: 7/7
   443 | D:1      | Learned a level 2 spell: Searing Ray
   518 | D:1      | Reached XP level 3. HP: 21/21 MP: 9/9
   726 | D:2      | Quit the game

Skill      XL: |  1  2 |
---------------+-------+-----
Conjurations   | 5 |  5.4
Spellcasting   | 3 |  3.1
Dodging        | 3 |  3.1
Fighting       | |  0.1
Stealth        | |  1.6
Unarmed Combat | |  0.2

Action                   || total
-------------------------++-------
 Cast: Magic Dart        ||    42
  Use: Scroll            ||     5
Armor: Skin              ||     1
Dodge: Dodged            ||     7
